 Dungeon Crawl Stone Soup version 0.30.1-11-g7821555f0a (webtiles) character file.

Game seed: 8998049412154216432

4 hawla the Firebug (level 1, -1/10 HPs)
             Began as a Deep Elf Fire Elementalist on Jan 12, 2024.
             Frozen to death by an endoplasm (4 damage)
             ... on level 1 of the Dungeon.
             The game lasted 00:00:28 (37 turns).

hawla the Firebug (Deep Elf Fire Elementalist)        Turns: 37, Time: 00:00:28

Health: -1/10      AC:  2    Str:  5    XL:     1   Next: 58%
Magic:  0/6        EV: 12    Int: 19    God:
Gold:   0          SH:  0    Dex: 15    Spells: 5/6 levels left

rFire   . . .        (no weapon)
rCold   . . .        (no shield)
rNeg    . . .        a - +0 robe
rPois   .            (no helmet)
rElec   .            (no cloak)
rCorr   .            (no gloves)
SInv    .            (no boots)
Will    .....        (no amulet)
Stlth   ++           (no ring)
HPRegen 0.21/turn    (no ring)
MPRegen 0.10/turn

%: no passive effects
@: no status effects
A: no striking features
a: no special abilities


You were on level 1 of the Dungeon.
You visited 1 branch of the dungeon, and saw 1 of its levels.

Inventory:

Armour
 a - a +0 robe (worn)
Potions
 b - a potion of magic


   Skills:
 + Level 2.4 Dodging
 + Level 2.5 Stealth
 + Level 3.3 Spellcasting
 + Level 1.1 Conjurations
 + Level 3.4 Fire Magic


You had 5 spell levels left.
You knew the following spells:

 Your Spells              Type           Power      Damage    Failure   Level
a - Foxfire               Conj/Fire      44%        2x1d6     6%          1

Your spell library contained the following spells:

 Spells                   Type           Power      Damage    Failure   Level
 Scorch                   Fire           32%        2d6       5%          2
 Inner Flame              Hex/Fire       9%         N/A       22%         3
 Volatile Blastmotes      Fire/Tloc      18%        2d11      22%         3
 Flame Wave               Conj/Fire      11%        2d6       50%         4


Dungeon Overview and Level Annotations

Branches:
Dungeon (1/15)

Altars:


Message History

You conjure some foxfire!
A ball python comes into view.
Casting: Foxfire (safe; 6% risk of failure)
Confirm with . or Enter, or press ? or * to list all spells.
You conjure some foxfire!
The foxfire hits the ball python.
The ball python is moderately wounded.
Casting: Foxfire (safe; 6% risk of failure)
Confirm with . or Enter, or press ? or * to list all spells.
You conjure some foxfire!
The foxfire hits the rat but does no damage.
The foxfire hits the ball python.
You kill the ball python!
An endoplasm comes into view.
The foxfire hits the rat.
You kill the rat!
The foxfire hits the giant cockroach.
The giant cockroach is moderately wounded.
The foxfire hits the giant cockroach.
You kill the giant cockroach!
You barely miss the ball python. The ball python misses you.
The ball python barely misses you.
Your magical contamination has completely faded away.
You closely miss the ball python. The ball python closely misses you.
The ball python misses you.
You hit the ball python.
The ball python is severely wounded.
The ball python barely misses you. x2
You closely miss the ball python.
The ball python is severely wounded.
The ball python barely misses you. x3; The ball python closely misses you.
The endoplasm freezes you.
You are frozen.
Casting: Foxfire (safe; 6% risk of failure)
Confirm with . or Enter, or press ? or * to list all spells.
You conjure some foxfire!
The ball python bites you.
* * * LOW HITPOINT WARNING * * *
The ball python closely misses you. The endoplasm freezes you.
You are frozen.
You die...

... .. #... ..
....#######.
#..........#
#....†.....#
.....†.....+
#....†J.v..#
......S@v..#
.....†.....#
#########'##
#.#
#######'#######
#.............#
#.###########.#
.......#..#
#.#######.#.#


You could see an endoplasm (ally target) and a ball python (ally target).

Vanquished Creatures
  A giant cockroach (D:1)
  A hobgoblin (D:1)
  2 ball pythons (D:1)
  A rat (D:1)
5 creatures vanquished.

Vanquished Creatures (others)
  8 foxfires (D:1)
8 creatures vanquished.

Grand Total: 13 creatures vanquished

Notes
Turn   | Place    | Note
-------+----------+-------------------------------------------
     0 | D:1      | hawla the Deep Elf Fire Elementalist began the quest for
                  | the Orb.
     0 | D:1      | Reached XP level 1. HP: 10/10 MP: 6/6
    37 | D:1      | Frozen to death by an endoplasm

Illustrated notes

Levels and vault maps discovered:
D:1:      matt_arrival_los_fun, layout_basic, minmay_small_reverse_x

Action                     || total
---------------------------++-------
  Melee: Unarmed           ||     4
   Cast: Foxfire           ||     6
  Dodge: Dodged            ||    11
